AoeStats
← Chorizo En Cajas

Lombardia

509299450Analyzed
4v4 RM · 6d ago on Sep 26, 2026· 14m 29s· 8 players
Game mode
Random Map
Map size
Large (8 player)
Population
200
Speed
Normal
Resources
Standard
Victory
Conquest
Starting age
Dark Age
Ending age
Imperial Age
RankedLock teamsTeams togetherTeam positionsShared explorationLock speedFull tech treeHidden civsTurbo modeCheats
Victory
Defeat
🇲🇽 Mongols · Mexico
1106
+15
🇲🇽 Khmer · Mexico
1083
+16
🇲🇽 Saxons · Mexico
1079
+16
🇲🇽 Britons · Mexico
1038
+18
🇨🇳 Saracens · China
1127
-18
🇨🇳 Khmer · China
1114
-17
🇹🇼 Burgundians · Taiwan
1073
-16
🇦🇷 Slavs · Argentina
1031
-14
qooqaz456
8:47 Loom
10:33 Feudal Age
9:34 Double-Bit Axe
16:01 Castle Age
Lilygold
10:38 Feudal Age
XX
11:55 Feudal Age
13:12 Loom
電動遊戯
10:44 Feudal Age
14:13 Castle Age
14:06 Loom
Barquimides
11:13 Feudal Age
11:15 Man-at-Arms
12:14 Double-Bit Axe
13:01 Scale Mail Armor
13:09 Loom
Chorizo En Cajas
4:45 Loom
11:15 Feudal Age
Blutt_SWD
1:53 Loom
12:29 Feudal Age
16:17 Castle Age
14:07 Double-Bit Axe
Mariostoteles
9:25 Feudal Age
Connection lost

Rejoining the realm…

Still unreachable

The connection could not be restored.

Session expired

The server has moved on; the page needs a fresh start.